 Dungeon Crawl Stone Soup version 0.17.1-3-g152610e (webtiles) character file.

884 juanjsm the Covert (level 7, -2/34 HPs)
             Began as a Spriggan Enchanter on Apr 7, 2016.
             Slain by a deep elf fighter
             ... wielding a +0 long sword
              (10 damage)
             ... on level 5 of the Dungeon on Apr 8, 2016.
             The game lasted 00:29:41 (6071 turns).

juanjsm the Covert (Spriggan Enchanter)             Turns: 6071, Time: 00:29:41

Health: -2/34      AC:  3    Str:  4    XL:     7   Next: 76%
Magic:  9/15       EV: 20    Int: 19    God:
Gold:   193        SH:  0    Dex: 16    Spells: 4 memorised, 7 levels left

rFire  . . .     SeeInvis +     r - -3 dagger (curse)
rCold  . . .     Clarity  .     b - +1 robe
rNeg   + . .     SustAt   .     (shield restricted)
rPois  .         Gourm    .     (helmet restricted)
rElec  .         Spirit   .     (no cloak)
rCorr  .         Warding  .     (gloves unavailable)
rMut   .         Stasis   .     (boots unavailable)
MR     +....                    (no amulet)
Stlth  +++++.....               (no ring)
                                h - ring of positive energy

@: very quick, somewhat resistant to hostile enchantments, quite stealthy
A: unfitting armour, see invisible, herbivore 3, speed 3, slow metabolism 2
a: no special abilities


You were on level 5 of the Dungeon.
You were not hungry.

You visited 1 branch of the dungeon, and saw 6 of its levels.
You also visited: Sewer.

You collected 193 gold pieces.

Inventory:

Hand Weapons
 a - a +2 dagger
 r - a cursed -3 dagger (weapon)
 s - a cursed -2 short sword
Armour
 b - a +1 robe (worn)
 z - a +0 buckler
Jewellery
 h - a ring of positive energy (left hand)
Wands
 k - a wand of polymorph (15)
 p - a wand of paralysis (18)
Scrolls
 g - a scroll of enchant weapon
 j - a scroll of remove curse {unknown}
 m - 2 scrolls of blinking
 o - a scroll of enchant armour {unknown}
 q - a scroll of fear {unknown}
 u - a scroll of recharging {unknown}
 w - a scroll of immolation {unknown}
 y - a scroll of noise {unknown}
Potions
 e - 7 potions of curing
 i - 2 potions of lignification
 l - 2 potions of heal wounds {unknown}
 n - 2 potions of brilliance
 t - 2 potions of might
 v - a potion of haste {unknown}
 x - a potion of agility {unknown}
Books
 c - a book of Maledictions

   Spells                             Type                      Level
   a - Corona                         Hexes                        1
   b - Ensorcelled Hibernation        Hexes/Ice                    2
   c - Confuse                        Hexes                        3
   d - Tukima's Dance                 Hexes                        3
   e - Dazzling Spray                 Conjuration/Hexes            3
Comestibles
 d - 3 bread rations
 f - a slice of pizza


   Skills:
 * Level 1.8 Fighting
 * Level 2.1 Short Blades
 * Level 4.8 Dodging
 * Level 8.9 Stealth
 * Level 5.2 Spellcasting
 * Level 5.9 Hexes
 + Level 1.6 Ice Magic


You had 7 spell levels left.
You knew the following spells:

 Your Spells              Type           Power        Failure   Level  Hunger
a - Corona                Hex            ####...      1%          1    None
b - Ensorcelled Hibernat  Hex/Ice        ###...       4%          2    #......
c - Confuse               Hex            ####....     3%          3    ##.....
d - Dazzling Spray        Conj/Hex       ###.....     12%         3    ##.....


Dungeon Overview and Level Annotations

Branches:
Dungeon (6/15)
 Temple: D:4-7

Altars:
Cheibriados
Dithmenos
Gozag
Kikubaaqudgha
Qazlal

Annotations:
D:5 Blork the orc, Eustachio


Innate Abilities, Weirdness & Mutations

You are tiny and cannot use many weapons and most armour.
You have supernaturally acute eyesight.
You are a herbivore.
You cover ground extremely quickly.
You need consume almost no food.


Message History

The deep elf fighter blinks!
Casting: Ensorcelled Hibernation
Confirm with . or Enter, or press ? or * to list all spells.
You don't know that spell.
Casting: Ensorcelled Hibernation
Confirm with . or Enter, or press ? or * to list all spells.
Aiming: Ensorcelled Hibernation
Press: ? - help, Shift-Dir - straight line, f/p - deep elf fighter
Aim: a deep elf fighter, wielding a long sword and wearing a robe (fast, chance to defeat MR: 32%)
The deep elf fighter easily resists.
Casting: Ensorcelled Hibernation
Confirm with . or Enter, or press ? or * to list all spells.
Aiming: Ensorcelled Hibernation
Press: ? - help, Shift-Dir - straight line, f/p - deep elf fighter
Aim: a deep elf fighter, wielding a long sword and wearing a robe (fast, chance to defeat MR: 32%)
The deep elf fighter easily resists.
The deep elf fighter hits you with a long sword!
* * * LOW HITPOINT WARNING * * *
The deep elf fighter hits you with a long sword!
You die...

#.###.##...#
#≈#≈#≈≈≈≈#
....#.##...# #.#
#≈#≈#≈##≈#
......##...# #..
#≈#≈#≈≈#≈#
##..####...# #.#
#≈#≈##≈#≈# ^#..#
#...#
####.####≈≈≈##≈#≈#
##... #...# #......
###≈#≈≈#.#
.....###...####.##.#
########
.............[.....#
...............e@.<#
....%............##
#.#%###...####.###
.... #...# #......#
#.# #...# #####.##
.. #...# #...


You could see a deep elf fighter.

Vanquished Creatures
  Grinder (D:3)
  A deep elf fighter (D:5)
  An ogre (D:4)
  A centaur zombie (D:5)
  2 orc priests (D:3)
  2 centaur skeletons (D:4)
  Terence (D:2)
  An orc wizard (D:3)
  A worker ant (D:4)
  Robin (D:3)
  3 gnolls (D:4)
  A worker ant zombie (D:5)
  8 adders
  An adder skeleton (D:4)
  2 worms
  2 giant geckos
  8 orcs
  7 ball pythons
  6 bats
  5 giant cockroaches
  15 goblins
  15 hobgoblins
  6 jackals
  2 quokkas (D:4)
  A giant gecko zombie (D:5)
  7 giant newts
  12 kobolds
  5 rats
  A plant (Sewer)
119 creatures vanquished.

Vanquished Creatures (others)
  2 plants (Sewer)
2 creatures vanquished.

Grand Total: 121 creatures vanquished

Notes
Turn   | Place    | Note
--------------------------------------------------------------
     0 | D:1      | juanjsm the Spriggan Enchanter began the quest for the Orb.
     0 | D:1      | Reached XP level 1. HP: 9/9 MP: 5/5
   315 | D:1      | Reached XP level 2. HP: 8/13 MP: 4/6
   322 | D:1      | Learned a level 2 spell: Ensorcelled Hibernation
  1036 | D:2      | Found a shadowy altar of Dithmenos.
  1115 | D:2      | Noticed Terence
  1236 | D:2      | Reached XP level 3. HP: 16/16 MP: 8/8
  1241 | D:2      | Learned a level 3 spell: Confuse
  1577 | D:2      | Found an ancient bone altar of Kikubaaqudgha.
  1578 | D:2      | Found a stormy altar of Qazlal.
  1666 | D:2      | Reached skill level 5 in Stealth
  1721 | D:2      | Killed Terence
  1721 | D:2      | Reached XP level 4. HP: 21/21 MP: 10/10
  1728 | D:2      | Learned a level 3 spell: Dazzling Spray
  2015 | D:3      | Noticed Grinder
  2270 | D:3      | Found a snail-covered altar of Cheibriados.
  2271 | D:3      | Noticed Robin
  2753 | D:3      | Reached skill level 6 in Stealth
  3136 | D:3      | Reached XP level 5. HP: 15/25 MP: 4/11
  3362 | D:3      | Killed Robin
  3492 | D:3      | Killed Grinder
  3492 | D:3      | Reached skill level 1 in Fighting
  3492 | D:3      | Reached skill level 7 in Stealth
  3492 | D:3      | Reached skill level 5 in Hexes
  3492 | D:3      | Reached skill level 1 in Ice Magic
  3492 | D:3      | Reached XP level 6. HP: 24/30 MP: 7/12
  4019 | D:4      | Reached XP level 7. HP: 13/33 MP: 0/15
  4356 | D:4      | Reached skill level 8 in Stealth
  4414 | D:4      | Found an opulent altar of Gozag.
  4473 | D:5      | Entered Level 5 of the Dungeon
  4481 | D:5      | Noticed Eustachio
  4502 | D:5      | Noticed a deep elf fighter
  4556 | D:5      | Found a glowing drain.
  4563 | Sewer    | Entered a sewer
  5708 | D:5      | Noticed a deep elf fighter
  5742 | D:5      | Killed a deep elf fighter
  5742 | D:5      | Reached skill level 5 in Spellcasting
  6044 | D:5      | Noticed Blork the orc
  6071 | D:5      | Slain by a deep elf fighter

Action                   |  1- 3 |  4- 6 |  7- 9 || total
-------------------------+-------+-------+-------++-------
Melee: Dagger            |    71 |   122 |   515 ||   708
       Unarmed           |       |     9 |       ||     9
 Cast: Corona            |     7 |     3 |     3 ||    13
       Ensorcelled Hiber |    18 |    48 |    39 ||   105
       Confuse           |       |     6 |       ||     6
       Dazzling Spray    |       |     3 |       ||     3
  Use: Scroll            |       |     5 |     2 ||     7
 Stab: Sleeping          |    20 |    34 |    35 ||    89
       Distracted        |       |     1 |       ||     1
       Confused          |       |     6 |       ||     6
       Invisible         |       |     1 |       ||     1
  Eat: Pizza             |       |     2 |       ||     2
       Bread ration      |       |     1 |       ||     1
